 Dungeon Crawl Stone Soup version 0.30-a0-170-g85af917532 (webtiles) character file.

Game seed: 14279283279205904741

10063 qw the Cleaver (level 11, 0/68 HPs)
             Began as a Gargoyle Fighter on Sept 30, 2022.
             Was a Believer of Okawaru.
             Slain by a seven-headed hydra (5 damage)
             ... on level 11 of the Dungeon.
             The game lasted 00:04:44 (13251 turns).

qw the Cleaver (Gargoyle Fighter)                  Turns: 13251, Time: 00:04:44

Health: 0/68       AC: 36    Str: 25    XL:     11   Next: 56%
Magic:  14/14      EV: 10    Int:  8    God:    Okawaru [**....]
Gold:   1473       SH: 12    Dex:  9    Spells: 10/10 levels left

rFire   . . .      SeeInvis .    a - +0 morningstar
rCold   . . .      Faith    .    q - +0 kite shield
rNeg    + + .      Spirit   .    h - +0 crystal plate armour
rPois   inf        Reflect  .    n - +0 helmet
rElec   +          Harm     .    t - +0 cloak
rCorr   .          Rampage  .    j - +0 pair of gloves
Will    .....                    (no boots)
Stlth   ..........               e - amulet of the acrobat
HPRegen 0.21/turn                c - +4 ring of evasion
MPRegen 0.14/turn                r - ring of positive energy

@: about to teleport, heroic
A: sickness immunity, AC +8, negative energy resistance 1, electricity
resistance, torment resistance 1, petrification resistance
a: Renounce Religion, Heroism


You were on level 11 of the Dungeon.
You worshipped Okawaru.
Okawaru was pleased with you.
You visited 2 branches of the dungeon, and saw 12 of its levels.

You collected 1473 gold pieces.


Innate Abilities, Weirdness & Mutations

You are immune to sickness and miasma.
Your stone body is resilient. (AC +8)
You are immune to poison.
You resist negative energy. (rN+)
You are resistant to electric shocks. (rElec)
You are resistant to unholy torment.
You are immune to petrification.


   Skills:
 - Level 8.2(13.2) Fighting
 - Level 10.0(15.0) Axes
 - Level 3.3(8.3) Throwing
 + Level 9.6(14.6) Armour
 - Level 1.8(6.8) Dodging
 - Level 9.0(14.0) Shields
 - Level 4.0 Invocations


You had 10 spell levels left.
You didn't know any spells.
Your spell library was empty.

Inventory:

Hand Weapons
 a - a +0 morningstar (weapon)
 Y - a +0 vorpal broad axe
Missiles
 f - a javelin
 m - 6 boomerangs (quivered)
Armour
 h - a +0 crystal plate armour (worn)
 j - a +0 pair of gloves (worn)
 l - the +1 ring mail of Ojucw {Will+ rCorr Int+2}
   (You found it on level 3 of the Dungeon)

   Int:       It affects your intelligence (+2).
   rCorr:     It protects you from acid and corrosion.
   Will:      It increases your willpower.
 n - a +0 helmet (worn)
 q - a +0 kite shield (worn)
 t - a +0 cloak (worn)
Jewellery
 c - a +4 ring of evasion (left hand)
 e - an amulet of the acrobat (around neck)
 p - a ring of fire
 r - a ring of positive energy (right hand)
Scrolls
 b - 7 scrolls of identify
 i - 4 scrolls of teleportation
Potions
 d - 4 potions of might
 g - a potion of mutation
 k - 3 potions of haste
 s - a potion of attraction
 v - a potion of cancellation
 x - 3 potions of heal wounds

Dungeon Overview and Level Annotations

Branches:
Dungeon (11/15)            Temple (1/1) D:7
   Lair: D:8-11         Orc: D:9-12

Altars:
Ashenzari
Cheibriados
Dithmenos
Elyvilon
Fedhas
Gozag
Hepliaklqana
Kikubaaqudgha
Makhleb
Nemelex Xobeh
Okawaru
Qazlal
Ru
Sif Muna
Trog
Uskayaw
Vehumet
Wu Jian
Xom
Yredelemnul
Zin
The Shining One

Shops:
D:1 *

Annotations:
D:4 1 runed translucent door, Crazy Yiuf
D:11 Josephine


Message History

You block Josephine's attack. The troll closely misses you.
The troll claws you but does no damage. The troll barely misses you.
13247 ||| SWAPPING to +0 morningstar.
a - a +0 morningstar (weapon)
The killer bee stings you but does no damage.
A tengu warrior comes into view.
It is wielding a +0 glaive and wearing the +11 chain mail of Ovuzen {Int+3 Dex+4 Slay+2}.
You barely miss the killer bee.
The killer bee is almost dead.
You block the killer bee's attack.
The killer bee stings you but does no damage.
The troll bites you but does no damage. You block the troll's attack. x2
A shadow comes into view.
Josephine screams, "Die!"
Josephine hits you but does no damage.
A kobold brigand comes into view.
It is wielding a +0 short sword and quivering poisoned darts.
The troll completely misses you. The troll claws you!
The troll closely misses you. You block the killer bee's attack.
Josephine hits you but does no damage.
The shadow moves out of view.
You miss the killer bee.
The killer bee is almost dead.
The killer bee barely misses you. Josephine hits you but does no damage.
You block the troll's attack. The troll claws you but does no damage.
The troll closely misses you.
You sock Josephine!
Josephine is heavily wounded.
The seven-headed hydra bites you but does no damage. x2
The seven-headed hydra bites you.
The seven-headed hydra bites you but does no damage.
The seven-headed hydra bites you.
You block the seven-headed hydra's attack.
The seven-headed hydra bites you but does no damage.
Josephine hits you but does no damage.
A wraith comes into view.
You block the troll's attack. x2; The troll claws you but does no damage.
13251 ||| READING 5 scrolls of teleportation.
As you read the scroll of teleportation, it crumbles to dust.
You feel strangely unstable.
The seven-headed hydra completely misses you.
The seven-headed hydra bites you! The seven-headed hydra bites you.
You die... ...
W..# ..#.#. ..?K.. .y.W OyQ#

#.O# #DT#
#@#
#....T@##
.....WW
.....##
.....
#... #..
#..


You could see a seven-headed hydra, Josephine, a tengu warrior, 2 two-headed
ogres, 2 trolls, a hornet, 4 wraiths, a kobold brigand and a killer bee.

Vanquished Creatures
  Amaemon (D:11)
  Pikel (D:6)
  An ugly thing (D:11)
  An orange demon (D:11)
  Maggie (D:9)
  A kobold demonologist (D:11)
  A troll (D:10)
  Grinder (D:6)
  Sigmund (D:4)
  3 shadows
  A spriggan (D:10)
  8 yaks
  2 wyverns
  A steam dragon (D:9)
  Menkaure (D:4)
  2 acid dragons (D:11)
  Duvessa (D:6)
  3 orc warriors
  2 ice beasts
  A sky beast (D:6)
  3 ogres
  3 black bears
  3 centaurs
  4 lemures (D:6)
  2 phantoms
  Blork the orc (D:5)
  3 kobold brigands (D:10)
  2 necrophages
  9 scorpions
  5 bullfrogs
  2 gnoll sergeants
  3 wights (D:6)
  Dowan (D:6)
  6 killer bees (D:7)
  2 howler monkeys
  5 crimson imps (D:8)
  3 hounds (D:5)
  2 gnoll boudas
  4 orc priests
  2 jellies
  4 iguanas
  10 orc wizards
  Robin (D:4)
  16 gnolls
  A river rat (D:3)
  7 adders
  2 shadow imps
  3 white imps (D:8)
  2 ufetubi
  3 dart slugs
  22 orcs
  7 ball pythons
  7 endoplasms
  2 giant cockroaches
  16 goblins
  11 hobgoblins
  4 quokkas
  8 bats
  8 frilled lizards
  20 kobolds
  10 rats
263 creatures vanquished.

Notes
Turn   | Place    | Note
-------+----------+-------------------------------------------
     0 | D:1      | qw the Gargoyle Fighter began the quest for the Orb.
     0 | D:1      | Reached XP level 1. HP: 14/14 MP: 1/1
     0 | D:1      | 0 ||| qw: Version: 0.2-a-12-gaebbb33
     0 | D:1      | 0 ||| qw: Game counter: 1589
     0 | D:1      | 0 ||| qw: Always use a shield: true
     0 | D:1      | 0 ||| qw: God list: Okawaru
     0 | D:1      | 0 ||| qw: Allow faded altars: false
     0 | D:1      | 0 ||| qw: Do Orc after D:15 true
     0 | D:1      | 0 ||| qw: Do second Lair branch before Depths: true
     0 | D:1      | 0 ||| qw: Lair rune preference: random
     0 | D:1      | 0 ||| qw: Plans: Normal, Zot:1-4, God:TSO, Crypt, Tomb,
                  | Pan, Slime:5, Hells, Abyss, Orb
     0 | D:1      | 0 ||| PLANNING D:1-11
    13 | D:1      | Reached skill level 2 in Axes
   165 | D:1      | Reached XP level 2. HP: 18/19 MP: 2/2
   186 | D:1      | 186 ||| Stepping ~*~*~tactically~*~*~ (stealth).
   363 | D:1      | Found Zotut's Assorted Antiques.
   368 | D:1      | 368 ||| SHOPLISTING club (18 gold, have 0).
   368 | D:1      | 368 ||| SHOPLISTING glowing scarf (144 gold, have 0).
   368 | D:1      | 368 ||| SHOPLISTING scroll labelled HIOTIHA YXUU (18 gold,
                  | have 0).
   368 | D:1      | 368 ||| SHOPLISTING scroll labelled LAIXES XAMA (18 gold,
                  | have 0).
   368 | D:1      | 368 ||| SHOPLISTING scroll labelled SEUD ZUNKEI (18 gold,
                  | have 0).
   368 | D:1      | 368 ||| SHOPLISTING scroll labelled WUFILA CEIKEDE (18
                  | gold, have 0).
   368 | D:1      | 368 ||| SHOPLISTING scroll labelled YNGEJU KAEPUJ (18 gold,
                  | have 0).
   677 | D:1      | 677 ||| Stepping ~*~*~tactically~*~*~ (stealth).
   868 | D:1      | Reached skill level 3 in Axes
   923 | D:1      | Found a faded altar of an unknown god.
  1005 | D:1      | Reached XP level 3. HP: 23/23 MP: 3/3
  1150 | D:1      | 1150 ||| UPGRADING to +0 crystal plate armour.
  1160 | D:1      | 1160 ||| DROPPING +0 scale mail.
  1161 | D:1      | 1161 ||| UPGRADING to amulet of the acrobat.
  1166 | D:1      | 1166 ||| READING scroll labelled LUKIBA ITSONO.
  1167 | D:1      | 1167 ||| READING scroll labelled TYVETHAMAO.
  1369 | D:2      | 1369 ||| DROPPING +0 club.
  1507 | D:2      | 1507 ||| DROPPING +0 whip.
  2056 | D:2      | Reached XP level 4. HP: 28/28 MP: 4/4
  2150 | D:2      | 2150 ||| Stepping ~*~*~tactically~*~*~ (stealth).
  2175 | D:2      | Reached skill level 4 in Axes
  2262 | D:2      | 2262 ||| READING scroll labelled KENIHO PIMIE.
  2267 | D:2      | 2267 ||| DRINKING 3 pink potions.
  2268 | D:2      | 2268 ||| DRINKING 2 fuming brown potions.
  2269 | D:2      | 2269 ||| READING 2 scrolls of identify.
  2269 | D:2      | 2269 ||| IDENTIFYING metallic puce potion
  2270 | D:2      | 2270 ||| DROPPING 2 potions of brilliance.
  2318 | D:3      | 2318 ||| PLANNING SEWER
  2509 | D:3      | 2509 ||| Stepping ~*~*~tactically~*~*~ (stealth).
  2561 | D:3      | Reached XP level 5. HP: 32/32 MP: 5/5
  2568 | D:3      | Identified the +1 ring mail of Ojucw {Will+ rCorr Int+2}
  2904 | D:3      | Reached skill level 5 in Axes
  2988 | D:3      | 2988 ||| SWAPPING to +0 broad axe.
  2991 | D:3      | 2991 ||| DROPPING +0 war axe.
  3014 | D:3      | 3014 ||| RIP SEWER
  3102 | D:3      | 3102 ||| PLANNING D:1-11
  3104 | D:3      | 3104 ||| Stepping ~*~*~tactically~*~*~ (stealth).
  3106 | D:3      | 3106 ||| Stepping ~*~*~tactically~*~*~ (stealth).
  3107 | D:3      | 3107 ||| Stepping ~*~*~tactically~*~*~ (stealth).
  3283 | D:3      | 3283 ||| READING 3 scrolls of identify.
  3283 | D:3      | 3283 ||| IDENTIFYING green potion
  3363 | D:4      | Reached skill level 1 in Throwing
  3367 | D:4      | Reached XP level 6. HP: 34/37 MP: 6/6
  3368 | D:4      | 3368 ||| DRINKING potion of curing.
  3368 | D:4      | 3368 ||| (to cure confusion)
  3499 | D:4      | 3499 ||| Stepping ~*~*~tactically~*~*~ (stealth).
  3500 | D:4      | 3500 ||| Stepping ~*~*~tactically~*~*~ (stealth).
  3502 | D:4      | 3502 ||| Stepping ~*~*~tactically~*~*~ (stealth).
  3506 | D:4      | Noticed Robin
  3507 | D:4      | 3507 ||| Stepping ~*~*~tactically~*~*~ (hiding).
  3530 | D:4      | Killed Robin
  3774 | D:4      | Noticed Menkaure
  3783 | D:4      | Killed Menkaure
  3784 | D:4      | Reached XP level 7. HP: 15/43 MP: 7/7
  3793 | D:4      | 3793 ||| FLEEEEING.
  3794 | D:4      | 3794 ||| FLEEEEING.
  3795 | D:4      | 3795 ||| FLEEEEING.
  3803 | D:4      | 3803 ||| STAIRDANCE
  3977 | D:3      | 3977 ||| UPGRADING to +0 helmet.
  3982 | D:3      | 3982 ||| DROPPING +6 ring of intelligence.
  3983 | D:3      | 3983 ||| READING 3 scrolls of identify.
  3983 | D:3      | 3983 ||| IDENTIFYING emerald potion
  3984 | D:3      | 3984 ||| DROPPING potion of berserk rage.
  3999 | D:4      | Reached skill level 6 in Axes
  4039 | D:4      | Identified the +9 war axe of Guile {chaos, Int+2}
  4041 | D:4      | 4041 ||| DROPPING +9 war axe of Guile {chaos, Int+2}.
  4098 | D:4      | Noticed Sigmund
  4106 | D:4      | Killed Sigmund
  4322 | D:4      | Found a runed translucent door.
  4323 | D:4      | Noticed Crazy Yiuf
  4424 | D:4      | 4424 ||| READING scroll labelled XAUPUTTANAO.
  4425 | D:4      | 4425 ||| READING scroll labelled BOCKEAPNAR.
  4425 | D:4      | Identified a scroll of acquirement
  4425 | D:4      | 4425 ||| ACQUIRING 820 gold pieces
  4425 | D:4      | Acquired 820 gold pieces
  4427 | D:4      | 4427 ||| READING 6 scrolls of identify.
  4427 | D:4      | 4427 ||| IDENTIFYING bubbling cyan potion
  4428 | D:4      | 4428 ||| DROPPING potion of flight.
  4470 | D:5      | Entered Level 5 of the Dungeon
  4478 | D:5      | 4478 ||| STAIRDANCE
  4623 | D:5      | 4623 ||| Stepping ~*~*~tactically~*~*~ (hiding).
  4624 | D:5      | 4624 ||| FLEEEEING.
  4625 | D:5      | 4625 ||| FLEEEEING.
  4626 | D:5      | 4626 ||| FLEEEEING.
  4627 | D:5      | 4627 ||| FLEEEEING.
  4628 | D:5      | 4628 ||| FLEEEEING.
  4629 | D:5      | 4629 ||| STAIRDANCE
  4813 | D:5      | 4813 ||| STAIRDANCE
  4826 | D:4      | Reached XP level 8. HP: 16/48 MP: 8/8
  4834 | D:4      | Reached skill level 7 in Axes
  5105 | D:5      | 5105 ||| STAIRDANCE
  5301 | D:5      | 5301 ||| STAIRDANCE
  5448 | D:5      | 5448 ||| Stepping ~*~*~tactically~*~*~ (stealth).
  5463 | D:5      | 5463 ||| Stepping ~*~*~tactically~*~*~ (stealth).
  5489 | D:5      | 5489 ||| Stepping ~*~*~tactically~*~*~ (stealth).
  5490 | D:5      | 5490 ||| Stepping ~*~*~tactically~*~*~ (stealth).
  5644 | D:5      | 5644 ||| Stepping ~*~*~tactically~*~*~ (stealth).
  5650 | D:5      | Reached skill level 6 in Armour
  5686 | D:5      | Noticed Blork the orc
  5687 | D:5      | 5687 ||| Stepping ~*~*~tactically~*~*~ (hiding).
  5698 | D:5      | Killed Blork the orc
  5711 | D:5      | 5711 ||| FLEEEEING.
  5723 | D:5      | 5723 ||| FLEEEEING.
  5724 | D:5      | 5724 ||| FLEEEEING.
  5725 | D:5      | 5725 ||| FLEEEEING.
  5726 | D:5      | 5726 ||| FLEEEEING.
  5727 | D:5      | 5727 ||| FLEEEEING.
  5729 | D:5      | 5729 ||| FLEEEEING.
  5731 | D:5      | 5731 ||| FLEEEEING.
  5732 | D:5      | 5732 ||| STAIRDANCE
  5906 | D:5      | Found a sacrificial altar of Ru.
  6095 | D:5      | 6095 ||| Stepping ~*~*~tactically~*~*~ (stealth).
  6104 | D:5      | Reached skill level 8 in Axes
  6221 | D:5      | 6221 ||| UPGRADING to +0 pair of gloves.
  6250 | D:6      | Reached XP level 9. HP: 54/54 MP: 9/9
  6326 | D:6      | 6326 ||| Stepping ~*~*~tactically~*~*~ (hiding).
  6340 | D:6      | Reached skill level 1 in Dodging
  6356 | D:6      | HP: 13/54 [something/puff of flame (3)]
  6687 | D:6      | 6687 ||| Stepping ~*~*~tactically~*~*~ (stealth).
  6703 | D:6      | Reached skill level 6 in Fighting
  6998 | D:6      | 6998 ||| Stepping ~*~*~tactically~*~*~ (stealth).
  7000 | D:6      | 7000 ||| Stepping ~*~*~tactically~*~*~ (stealth).
  7044 | D:6      | Noticed Pikel
  7045 | D:6      | 7045 ||| Stepping ~*~*~tactically~*~*~ (stealth).
  7046 | D:6      | 7046 ||| Stepping ~*~*~tactically~*~*~ (stealth).
  7047 | D:6      | 7047 ||| Stepping ~*~*~tactically~*~*~ (stealth).
  7068 | D:6      | Killed Pikel
  7069 | D:6      | Reached skill level 9 in Axes
  7075 | D:6      | 7075 ||| FLEEEEING.
  7076 | D:6      | 7076 ||| FLEEEEING.
  7134 | D:6      | 7134 ||| FLEEEEING.
  7136 | D:6      | 7136 ||| FLEEEEING.
  7137 | D:6      | 7137 ||| FLEEEEING.
  7138 | D:6      | 7138 ||| FLEEEEING.
  7139 | D:6      | 7139 ||| FLEEEEING.
  7140 | D:6      | 7140 ||| FLEEEEING.
  7141 | D:6      | 7141 ||| FLEEEEING.
  7154 | D:6      | 7154 ||| FLEEEEING.
  7156 | D:6      | 7156 ||| STAIRDANCE
  7233 | D:5      | 7233 ||| UPGRADING to +0 kite shield.
  7243 | D:5      | 7243 ||| DROPPING +0 buckler.
  7244 | D:5      | 7244 ||| UPGRADING to +0 cloak.
  7249 | D:5      | 7249 ||| READING scroll labelled LAIXES XAMA.
  7250 | D:5      | 7250 ||| READING scroll labelled FANWYO ZOIDI.
  7251 | D:5      | 7251 ||| READING 5 scrolls of identify.
  7251 | D:5      | 7251 ||| IDENTIFYING inky potion
  7252 | D:5      | 7252 ||| READING 4 scrolls of identify.
  7252 | D:5      | 7252 ||| IDENTIFYING puce potion
  7253 | D:5      | 7253 ||| DROPPING potion of ambrosia.
  7462 | D:6      | 7462 ||| Stepping ~*~*~tactically~*~*~ (hiding).
  7462 | D:6      | Noticed Grinder
  7463 | D:6      | 7463 ||| Stepping ~*~*~tactically~*~*~ (hiding).
  7464 | D:6      | 7464 ||| Stepping ~*~*~tactically~*~*~ (hiding).
  7464 | D:6      | Paralysed by Grinder for 4 turns
  7479 | D:6      | Paralysed by Grinder for 2 turns
  7487 | D:6      | Paralysed by Grinder for 5 turns
  7493 | D:6      | Killed Grinder
  7574 | D:6      | Noticed Duvessa
  7574 | D:6      | Noticed Dowan
  7584 | D:6      | Killed Duvessa
  7585 | D:6      | Reached XP level 10. HP: 44/60 MP: 10/10
  7591 | D:6      | Killed Dowan
  7592 | D:6      | Reached skill level 6 in Shields
  7890 | D:6      | 7890 ||| UPGRADING to +4 ring of evasion.
  7956 | D:7      | HP: 14/60 [gnoll/+0 halberd[a gnoll sergeant] (6)]
  7957 | D:7      | 7957 ||| READING 6 scrolls of teleportation.
  7958 | D:7      | 7958 ||| DRINKING 2 potions of heal wounds.
  8233 | D:7      | Identified the +2 chain mail of Vehumet's Envy {Fly}
  8430 | D:7      | HP: 14/60 [killer bee (2)]
  8431 | D:7      | 8431 ||| READING 7 scrolls of teleportation.
  8432 | D:7      | 8432 ||| DRINKING potion of heal wounds.
  8872 | D:7      | Found a staircase to the Ecumenical Temple.
  8873 | D:7      | 8873 ||| PLANNING TEMPLE
  8878 | Temple   | Entered the Ecumenical Temple
  8927 | Temple   | 8927 ||| PLANNING OKAWARU WORSHIP
  9058 | Temple   | Became a worshipper of Warmaster Okawaru
  9059 | Temple   | 9059 ||| PLANNING D:1-11
  9519 | D:8      | HP: 13/60 [something (23)]
  9520 | D:8      | 9520 ||| READING 6 scrolls of teleportation.
  9752 | D:8      | 9752 ||| Stepping ~*~*~tactically~*~*~ (stealth).
  9755 | D:8      | 9755 ||| Stepping ~*~*~tactically~*~*~ (stealth).
  9917 | D:8      | Identified the +3 sling of the Rescuing Seer {flame, Int+4}
  9964 | D:8      | Found a snail-covered altar of Cheibriados.
  9977 | D:8      | 9977 ||| Stepping ~*~*~tactically~*~*~ (stealth).
  9978 | D:8      | 9978 ||| Stepping ~*~*~tactically~*~*~ (stealth).
  9982 | D:8      | 9982 ||| Stepping ~*~*~tactically~*~*~ (stealth).
 10066 | D:8      | 10066 ||| DROPPING +0 flail.
 10226 | D:8      | 10226 ||| Stepping ~*~*~tactically~*~*~ (hiding).
 10228 | D:8      | 10228 ||| Stepping ~*~*~tactically~*~*~ (hiding).
 10434 | D:8      | 10434 ||| UPGRADING to ring of positive energy.
 10435 | D:8      | 10435 ||| READING scroll labelled YNGEJU KAEPUJ.
 10436 | D:8      | 10436 ||| READING scroll labelled SEUD ZUNKEI.
 10437 | D:8      | 10437 ||| READING 11 scrolls of identify.
 10437 | D:8      | 10437 ||| IDENTIFYING sapphire potion
 10463 | D:9      | Reached * piety under Okawaru
 10503 | D:9      | 10503 ||| INVOKING Heroism.
 10514 | D:9      | 10514 ||| INVOKING Heroism.
 10699 | D:9      | Found a burning altar of Makhleb.
 10730 | D:9      | Reached skill level 1 in Invocations
 10793 | D:9      | 10793 ||| INVOKING Heroism.
 10807 | D:9      | 10807 ||| INVOKING Heroism.
 11247 | D:9      | Noticed Maggie
 11248 | D:9      | 11248 ||| Stepping ~*~*~tactically~*~*~ (hiding).
 11267 | D:9      | Killed Maggie
 11435 | D:9      | 11435 ||| INVOKING Heroism.
 11436 | D:9      | 11436 ||| Stepping ~*~*~tactically~*~*~ (cloud).
 11439 | D:9      | 11439 ||| Stepping ~*~*~tactically~*~*~ (hiding).
 11449 | D:9      | 11449 ||| INVOKING Heroism.
 11665 | D:9      | 11665 ||| READING scroll labelled PYXOSAU LABATI.
 11666 | D:9      | 11666 ||| READING scroll labelled WUFILA CEIKEDE.
 11767 | D:9      | 11767 ||| READING scroll labelled ETAZ WADELUTI.
 11768 | D:9      | 11768 ||| READING scroll labelled ONAX BEMOEMU.
 11769 | D:9      | 11769 ||| READING 10 scrolls of identify.
 11769 | D:9      | 11769 ||| IDENTIFYING brown potion
 11770 | D:9      | 11770 ||| DROPPING potion of degeneration.
 11793 | D:10     | Entered Level 10 of the Dungeon
 11803 | D:10     | 11803 ||| INVOKING Heroism.
 11820 | D:10     | 11820 ||| STAIRDANCE
 11945 | D:10     | 11945 ||| Stepping ~*~*~tactically~*~*~ (stealth).
 11946 | D:10     | 11946 ||| Stepping ~*~*~tactically~*~*~ (stealth).
 11947 | D:10     | 11947 ||| Stepping ~*~*~tactically~*~*~ (stealth).
 11951 | D:10     | 11951 ||| Stepping ~*~*~tactically~*~*~ (stealth).
 11954 | D:10     | 11954 ||| Stepping ~*~*~tactically~*~*~ (hiding).
 11955 | D:10     | 11955 ||| Stepping ~*~*~tactically~*~*~ (hiding).
 11956 | D:10     | 11956 ||| Stepping ~*~*~tactically~*~*~ (hiding).
 11957 | D:10     | 11957 ||| Stepping ~*~*~tactically~*~*~ (hiding).
 11961 | D:10     | 11961 ||| INVOKING Heroism.
 12060 | D:10     | Reached skill level 3 in Invocations
 12153 | D:10     | Noticed an ice statue
 12154 | D:10     | 12154 ||| INVOKING Heroism.
 12164 | D:10     | Reached XP level 11. HP: 52/67 MP: 11/13
 12254 | D:10     | 12254 ||| INVOKING Heroism.
 12279 | D:10     | 12279 ||| Stepping ~*~*~tactically~*~*~ (stealth).
 12599 | D:10     | 12599 ||| INVOKING Heroism.
 12629 | D:10     | 12629 ||| INVOKING Heroism.
 12656 | D:10     | 12656 ||| INVOKING Heroism.
 12698 | D:10     | 12698 ||| INVOKING Heroism.
 12840 | D:10     | 12840 ||| Stepping ~*~*~tactically~*~*~ (stealth).
 12844 | D:10     | 12844 ||| Stepping ~*~*~tactically~*~*~ (stealth).
 12856 | D:10     | Reached skill level 9 in Armour
 12900 | D:10     | 12900 ||| INVOKING Heroism.
 12905 | D:10     | Reached skill level 9 in Shields
 13082 | D:10     | 13082 ||| DROPPING +2 hat.
 13083 | D:10     | 13083 ||| DROPPING +1 hat.
 13084 | D:10     | 13084 ||| READING scroll labelled SORYIRUZUO.
 13140 | D:10     | 13140 ||| READING 9 scrolls of identify.
 13140 | D:10     | 13140 ||| IDENTIFYING glowing coppery potion
 13141 | D:10     | 13141 ||| READING 8 scrolls of identify.
 13141 | D:10     | 13141 ||| IDENTIFYING red potion
 13142 | D:10     | 13142 ||| DROPPING potion of invisibility.
 13174 | D:11     | Noticed Amaemon
 13175 | D:11     | 13175 ||| Stepping ~*~*~tactically~*~*~ (hiding).
 13176 | D:11     | 13176 ||| Stepping ~*~*~tactically~*~*~ (stealth).
 13180 | D:11     | 13180 ||| INVOKING Heroism.
 13184 | D:11     | Reached skill level 10 in Axes
 13190 | D:11     | Killed Amaemon
 13190 | D:11     | Reached ** piety under Okawaru
 13196 | D:11     | Noticed a cyan ugly thing
 13200 | D:11     | Killed a cyan ugly thing
 13204 | D:11     | 13204 ||| INVOKING Heroism.
 13212 | D:11     | Noticed a boulder beetle
 13216 | D:11     | Reached skill level 3 in Throwing
 13230 | D:11     | 13230 ||| INVOKING Heroism.
 13230 | D:11     | HP: 17/68 [yak (12)]
 13231 | D:11     | 13231 ||| READING 6 scrolls of teleportation.
 13232 | D:11     | 13232 ||| DRINKING 4 potions of heal wounds.
 13239 | D:11     | Noticed Josephine
 13242 | D:11     | Noticed a seven-headed hydra
 13244 | D:11     | Noticed a two-headed ogre
 13244 | D:11     | Noticed a two-headed ogre
 13247 | D:11     | 13247 ||| SWAPPING to +0 morningstar.
 13247 | D:11     | Identified the +11 chain mail of Ovuzen {Int+3 Dex+4
                  | Slay+2}
 13247 | D:11     | Noticed a tengu warrior
 13250 | D:11     | HP: 14/68 [seven-headed hydra (6)]
 13251 | D:11     | 13251 ||| READING 5 scrolls of teleportation.
 13251 | D:11     | HP: 5/68 [seven-headed hydra (10)]
 13251 | D:11     | Slain by a seven-headed hydra

Levels and vault maps discovered:
D:1:      minmay_arrival_radiant_lines, layout_basic, serial_shops,
          nicolae_shop_hallway_plus, shapermc_ecumenical_altar_mp_vishouse
D:2:      layout_basic
D:3:      layout_basic, portal_sewer_entry_b
D:4:      layout_rooms, uniq_sigmund, uniq_robin, uniq_menkaure,
          uniq_crazy_yiuf_cottage
D:5:      layout_rooms, hangedman_ru_absence, minmay_fractal_squares_5,
          uniq_blork_the_orc
D:6:      layout_loops_cross, uniq_pikel, uniq_grinder, uniq_duvessa
D:7:      layout_layer_cave, minmay_temple_entry_fiery
D:8:      layout_cave_pools, cheibriados_altar_1, hangedman_decor_points,
          minmay_nine_imps
D:9:      layout_irregular_city, lightli_temple_of_fire, serial_glass,
          glass_columns_a, glass_columns_b, glass_columns_b, glass_columns_c,
          feat_on_display, due_unseen_surprise, minmay_strange_pillars,
          uniq_maggie
D:10:     cheibrodos_frozen_isle, layout_loops_ring, minivault_4,
          statue_in_the_mist_lemuel, the_hattery
D:11:     minmay_the_grid_octo_tiled_octocenter_mashed
          [minmay_the_grid_octo_focus, minmay_the_grid_octo_clover_2,
          minmay_the_grid_octo_pinwheel, minmay_the_grid_octo_checkerflower,
          minmay_the_grid_octo_prize_single_spiral,
          minmay_the_grid_square_5x5_three, minmay_the_grid_square_5x5_inner_i,
          minmay_the_grid_square_5x5_checkered_sparse,
          minmay_the_grid_square_5x5_n], layout_loops_ring, lair_entry_dummy,
          orc_david_3, uniq_amaemon, uniq_josephine
Temple:   nicolae_temple_bog_church

Skill      XL: |  1  2  3  4  5  6  7  8  9 10 11 |
---------------+----------------------------------+-----
Axes           | 2 3 4 5 6 8 9 10 | 10.0
Throwing       | 1 2 3 |  3.3
Armour         | 4 5 6 7 8 9 |  9.6
Fighting       | 4 5 6 7 8 |  8.2
Dodging        | 1 |  1.8
Shields        | 5 8 9 |  9.0
Invocations    | 3 4 |  4.0

Action                   |  1- 3 |  4- 6 |  7- 9 | 10-12 || total
-------------------------+-------+-------+-------+-------++-------
Melee: War axe           |   126 |    92 |       |       ||   218
       Broad axe         |       |    85 |   295 |   408 ||   788
       Morningstar       |       |       |       |     3 ||     3
Throw: Boomerang         |       |    14 |       |     7 ||    21
       Javelin           |       |    12 |    38 |    46 ||    96
Invok: Heroism           |       |       |       |    18 ||    18
  Use: Scroll            |     2 |     3 |     8 |    16 ||    29
       Potion            |       |     3 |       |     3 ||     6
Armor: Scale mail        |    26 |       |       |       ||    26
       Crystal plate arm |    64 |   188 |   296 |   419 ||   967
Dodge: Dodged            |    19 |    31 |    57 |   223 ||   330
Block: Buckler           |    29 |    36 |    38 |       ||   103
       Kite shield       |       |       |    13 |   311 ||   324

Table legend:
 A = Non-vault XP
 B = Vault XP
 C = Vault XP percentage of total XP
 D = Non-vault monster count
 E = Vault monster count
 F = Vault count percentage of total count
                 A         B        C        D         E       F
            +---------+---------+-------+---------+---------+-------
      Total |    8736 |    5641 |  39.2 |     207 |      52 |  20.1
            +---------+---------+-------+---------+---------+-------
        D:1 |      35 |       0 |   0.0 |      21 |       0 |   0.0
        D:2 |      65 |       0 |   0.0 |      27 |       0 |   0.0
        D:3 |     134 |      21 |  13.5 |      20 |       7 |  25.9
        D:4 |     373 |     807 |  68.4 |      16 |      19 |  54.3
        D:5 |     687 |     228 |  24.9 |      15 |       3 |  16.7
        D:6 |    1386 |    1123 |  44.8 |      21 |       4 |  16.0
        D:7 |    1336 |       0 |   0.0 |      27 |       0 |   0.0
        D:8 |     614 |     283 |  31.5 |      11 |       9 |  45.0
        D:9 |     939 |     389 |  29.3 |      15 |       1 |   6.2
       D:10 |    2068 |     219 |   9.6 |      28 |       2 |   6.7
       D:11 |    1099 |    2571 |  70.1 |       6 |       7 |  53.8
            +---------+---------+-------+---------+---------+-------
